AoeStats
← TIMVP

Nomad

508246562Analyzed
2v2 RM · 11d ago on Sep 21, 2026· 38m 49s· 4 players
Game mode
Random Map
Map size
176×176
Population
200
Speed
Normal
Resources
Standard
Victory
Conquest
Starting age
Dark Age
Ending age
Imperial Age
RankedLock teamsTeams togetherTeam positionsShared explorationLock speedFull tech treeHidden civsTurbo modeCheats
Victory
Defeat
🇲🇽 Goths · Mexico
714
+15
🇵🇪 Georgians · Peru
669
+18
🇵🇪 Romans · Peru
707
-17
🇵🇪 Dravidians · Peru
691
-16
Bizancio09
18:28 Feudal Age
25:38 Castle Age
23:28 Double-Bit Axe
23:25 Horse Collar
23:44 Stone Mining
23:45 Gold Mining
23:33 Man-at-Arms
24:51 Forging
26:13 Wheelbarrow
26:05 Fletching
32:57 Imperial Age
30:44 Hand Cart
31:11 Squires
31:42 Bow Saw
31:35 Heavy Plow
31:43 Long Swordsman
33:53 Iron Casting
33:19 Scale Mail Armor
36:09 Conscription
36:54 Blast Furnace
36:10 Chain Mail Armor
36:55 Perfusion
36:32 Two-Handed Swordsman
39:22 Two-Man Saw
RavenSael
13:08 Feudal Age
14:07 Double-Bit Axe
14:43 Loom
17:28 Fishing Lines
19:58 Horse Collar
20:12 Gold Mining
21:16 Horse Collar
26:02 Castle Age
24:26 Bloodlines
24:31 Forging
25:20 Scale Barding Armor
26:59 Husbandry
27:01 Light Cavalry
29:14 Iron Casting
28:37 Gillnets
29:39 Stone Mining
30:35 Chain Barding Armor
32:31 Heavy Plow
33:18 Bow Saw
35:42 Fletching
38:26 Imperial Age
35:44 Town Watch
36:35 Wheelbarrow
36:43 Ballistics
36:19 Murder Holes
36:35 Fortified Wall
38:22 Bodkin Arrow
A†ilA
15:38 Feudal Age
17:07 Wheelbarrow
16:16 Fishing Lines
18:23 Double-Bit Axe
23:17 Castle Age
TIMVP
13:35 Feudal Age
15:22 Wheelbarrow
14:54 Double-Bit Axe
16:04 Fishing Lines
23:48 Castle Age
22:07 Horse Collar
23:42 Bloodlines
24:54 Hand Cart
26:11 Scale Mail Armor
27:18 Pikeman
31:35 Chain Mail Armor
33:04 Horse Collar
33:36 Ballistas
37:08 Imperial Age
34:35 Man-at-Arms
35:51 Bow Saw
36:12 Stone Mining
36:13 Gold Mining
37:56 Elite Centurion
38:41 Husbandry
38:14 Long Swordsman
Connection lost

Rejoining the realm…

Still unreachable

The connection could not be restored.

Session expired

The server has moved on; the page needs a fresh start.